[Event "Early-Titled-Tuesday-Blitz-May-07-2024"]
[Site "Chess.com"]
[Date "2024.05.07"]
[Round "7"]
[White "Gryffindorac8"]
[Black "jcibarra"]
[Result "0-1"]
[WhiteElo "2522"]
[BlackElo "2922"]
[TimeControl "180+1"]
[EndTime "9:23:12 PDT"]
[Termination "jcibarra won by resignation"]

1. d4 Nf6 2. c4 d6 3. Nf3 g6 4.
Nc3 Bf5 5. Nh4 Bd7 6. e4 e5 7.
Nf3 exd4 8. Nxd4 Bg7 9. Be2 O-O 10. Be3 Re8 11. f3 c6 12. Nc2 d5 13. cxd5 cxd5 14. exd5 Bf5 15. Bf2 Nxd5 16. Nxd5 Bxc2 17. Qxc2 Qxd5 18. O-O Nc6 19. Bc4 Qe5 20. Rae1 Qf4 21. b3 Nd4 22. Qb1 b5 23. Bd3 Rad8 24. Rxe8+ Rxe8 25. Re1 Rd8 26. Bf1 Bf6 27. Qe4 Qd2 28. a4 b4 29. Bc4 Kg7 30. h3 Rd7 31. Qe3 Qb2 32.
Qc1 Qa2 33. Rd1 Rd8 34. Qb1 Qxb1 35. Rxb1 Nc2 36. Rc1 Na3 37. Ba6 Rd2 38. Bc4 Bd4 39.
Bxd4+ Rxd4 40. Kf2 Nxc4 41. bxc4 Rd2+ 42. Ke3 Rd8 43. c5 Kf6 44. c6 Ke6 45. c7 Rc8 46. Kd3 a5 47. Rc5 Kd6 48. Rxa5 Rxc7 49. Rb5 Rc3+ 50.
Kd4 Rc2 51. g4 Rc3 52. Rxb4 Rxf3 53. Rb6+ Kc7 54. Ra6 Kb7 55. Rd6 Kc7 56. Ra6 f5 57. gxf5 Rxf5 58. Ke4 Rh5 59. Rf6 Rxh3 60. Kf4 Rh4+ 61.
Kg5 Rh5+ 62. Kg4 Kb7 63. a5 Ka7 64. a6 Rh1 65. Kf4 Rf1+ 66. Kg5 Rxf6 67. Kxf6 Kxa6 68. Kg5 Kb5 0-1

[Event "Early-Titled-Tuesday-Blitz-May-07-2024"]
[Site "Chess.com"]
[Date "2024.05.07"]
[Round "7"]
[White "CSB7"]
[Black "TrompeterImEther"]
[Result "1/2-1/2"]
[WhiteElo "2770"]
[BlackElo "2603"]
[TimeControl "180+1"]
[EndTime "9:23:15 PDT"]
[Termination "Game drawn - insufficient material"]

1. Nf3 Nf6 2. d4 g6 3. Bg5 Bg7 4. Nbd2 c5 5. dxc5 Na6 6. e4 Nxc5 7. e5 Nfe4 8. Nxe4 Nxe4 9. Be3 d5 10. Qd4 O-O 11. O-O-O e6 12. Bd3 f5 13. Bxe4 fxe4 14.
Nd2 Qc7 15. f4 exf3 16. Nxf3 Bd7 17. Kb1 Rac8 18. c3 Bb5 19. Rde1 b6 20. h4 Qc4 21. h5 Qxd4 22. Nxd4 Bd3+ 23. Ka1 Rce8 24. hxg6 Bxg6 25. g3 Rf7 26. Bf4 Be4 27. Rh2 Kf8 28. Nb5 Rd7 29. Nd6 Rxd6 30. exd6 Rd8 31. a3 e5 32.
Bg5 Rxd6 33. Rf2+ Ke8 34. Ref1 Bg6 35. Be3 d4 36. cxd4 exd4 37. Bf4 Re6 38. Rd2 Kd7 39. Rfd1 Re4 40. Rc1 Ke6 41. Rc6+ Kf5 42. Rc1 Kg4 43.
Ka2 h5 44. Rh1 Bf6 45. Bb8 a6 46. Ba7 b5 47. Rhd1 Bf7+ 48. Ka1 Bb3 49. Bxd4 Bxd1 50. Bxf6 Bb3 51. Rd4 Rxd4 52. Bxd4 Kxg3 53. Be5+ Kg4 54. Kb1 h4 55. Kc1 h3 56. Kd2 Kf3 57. Kc3 Be6 58. Kb4 Bc8 59. a4 Bd7 60. Ka5 bxa4 61. Kxa6 Ke4 62.
Bh2 Kd3 63. Ka5 Kc4 64. Be5 Kb3 65. Kb6 Be8 66. Kc5 Bd7 67. Kb6 Kc2 68. Kc5 Kd3 69. Kb4 Ke2 70. b3 axb3 71. Kxb3 Kf3 72. Bb8 Kg2 73.
Bc7 h2 74. Bxh2 1/2-1/2

[Event "Early-Titled-Tuesday-Blitz-May-07-2024"]
[Site "Chess.com"]
[Date "2024.05.07"]
[Round "7"]
[White "Legendinunknown"]
[Black "MokshAD1603"]
[Result "1/2-1/2"]
[WhiteElo "2823"]
[BlackElo "2632"]
[TimeControl "180+1"]
[EndTime "9:23:18 PDT"]
[Termination "Game drawn by repetition"]

1. d4 Nf6 2. c4 e6 3. Nc3 Bb4 4. f3 d5 5. a3 Be7 6. e4 dxe4 7.
fxe4 c5 8. d5 exd5 9. exd5 O-O 10.
Be2 Re8 11. Nf3 Bf5 12. O-O Bd6 13. Nb5 a6 14. Nxd6 Qxd6 15. Bd3 Bxd3 16. Qxd3 Nbd7 17.
Bg5 h6 18. Bh4 b5 19. b3 Re4 20. Rae1 Rae8 21. Rxe4 Rxe4 22. cxb5 axb5 23. Qxb5 Qxd5 24. Bf2 Re6 25. Qc4 Qxc4 26. bxc4 Ra6 27. Ra1 Ra4 28. Nd2 Ng4 29. h3 Nge5 30. Kf1 Kf8 31. Ke2 Ke8 32.
Kd1 Kd8 33. Kc2 Nxc4 34. Nxc4 Rxc4+ 35. Kb3 Rf4 36. Be3 Re4 37. Re1 Kc7 38. a4 Kc6 39. Bd2 c4+ 40. Kb4 c3+ 41. Kxc3 Rxa4 42. Re7 Ra3+ 43.
Kb4 Rg3 44. Rxf7 Rxg2 45. Bc3 g6 46. Rf3 h5 47. Re3 Kd5 48. Kb5 Nf8 49. Re5+ Kd6 50.
Re3 Ne6 51. Kc4 Kd7 52. Bb4 Nf4 53. Re7+ Kd8 54. Re3 g5 55. Kc5 Kd7 56. Kd4 h4 57.
Ke5 Rg3 58. Bc5 Nd3+ 59. Kf5 Nxc5 60. Re2 Ne6 61. Rxe6 Rf3+ 62. Kg4 Kxe6 63. Kxf3 Kf5 64. Ke3 Ke5 65. Kf3 Kf5 66. Ke3 Ke5 67. Kf3 Kf5 1/2-1/2

[Event "Early-Titled-Tuesday-Blitz-May-07-2024"]
[Site "Chess.com"]
[Date "2024.05.07"]
[Round "7"]
[White "cthulhuuu"]
[Black "Aslanov_Umid"]
[Result "1-0"]
[WhiteElo "2521"]
[BlackElo "2634"]
[TimeControl "180+1"]
[EndTime "9:23:19 PDT"]
[Termination "cthulhuuu won by resignation"]

1. e4 c5 2. Nf3 d6 3. g3 Nf6 4. d3 g6 5. Bg2 Bg7 6. O-O O-O 7.
Re1 Nc6 8. e5 dxe5 9. Nxe5 Nxe5 10. Rxe5 Ng4 11. Re1 Re8 12. h3 Nf6 13. Nc3 Bd7 14.
Bxb7 Bxh3 15. Bxa8 Qxa8 16. Ne4 Ng4 17. Qf3 Bd4 18. Be3 Nxe3 19. fxe3 Bxb2 20. Rab1 Bc3 21. Re2 h5 22. Ng5 Qxf3 23. Nxf3 Bg4 24. Rf2 e5 25. Ng5 f5 26. Kg2 f4 27. gxf4 exf4 28. Rxf4 Rxe3 29.
Rb8+ Kg7 30. Rf7+ Kh6 31. Ne4 Re2+ 32. Rf2 Rxf2+ 33. Nxf2 Be6 34. a4 h4 35. Ne4 h3+ 36.
Kh1 Bd4 37. Ra8 Kh5 38. Rxa7 Kg4 39. Ra6 Bf5 40. Rc6 Kf3 41. a5 g5 42. Nxg5+ Kf4 43. Ne4 c4 44. Rxc4 Be5 45. a6 Be6 46. a7 Bd5 47.
Rc5 h2 48. Rxd5 Bc7 49. a8=Q Ke3 50. Qc8 Bf4 51. Qf5 Kf3 52. Ng5+ Kg3 53. Ne4+ Kf3 54. Rd4 Ke3 55. Ng3 Bxg3 56. Re4+ Kd2 57. Qf3 Be1 58. c4 Kc3 59. c5 Bd2 60. c6 Bf4 61. d4+ Kc4 62. d5+ Kxd5 63. Qxf4 Kxc6 64. Qf5 Kd6 65. Re6+ Kd7 66. Qf7+ 1-0

[Event "Early-Titled-Tuesday-Blitz-May-07-2024"]
[Site "Chess.com"]
[Date "2024.05.07"]
[Round "7"]
[White "ChessBliss09"]
[Black "Chessbard1972"]
[Result "1/2-1/2"]
[WhiteElo "2220"]
[BlackElo "2328"]
[TimeControl "180+1"]
[EndTime "9:23:20 PDT"]
[Termination "Game drawn - timeout vs insufficient material"]

1. c4 e5 2. Nc3 Nc6 3. Nf3 d6 4. d4 exd4 5. Nxd4 Bd7 6. e4 Nf6 7. Be3 g6 8. f3 Bg7 9. Be2 O-O 10. O-O Re8 11. a3 a5 12. Rb1 Ne5 13. f4 Neg4 14.
Qd3 Nxe3 15. Qxe3 Nxe4 16. Nxe4 f5 17. Bf3 Qe7 18. Rfe1 fxe4 19. Bxe4 Kh8 20. Qd3 Qf6 21. Ne2 Rxe4 22. Qxe4 Bc6 23. Qd3 Rf8 24. Rf1 Bd7 25. Rbd1 Qxb2 26. Rb1 Qf6 27. Rxb7 Bf5 28. Qf3 c5 29. Ng3 Be6 30. Qd3 Qd4+ 31. Qxd4 Bxd4+ 32. Kh1 Bxc4 33. Re1 Bd5 34. Rd7 Rb8 35. Rxd6 Ba8 36. Ne2 Re8 37. h3 Bb7 38. Kh2 Bf2 39. Rb1 Ba6 40. Rxa6 Rxe2 41. Ra7 Re8 42. Rbb7 Bd4 43.
Rxh7+ Kg8 44. Rhe7 Rf8 45. Rxa5 Rxf4 46. Ra8+ Rf8 47.
Rxf8+ Kxf8 48. Rb7 c4 49. a4 c3 50. a5 c2 51. Rb8+ Ke7 52. Rc8 Be5+ 53. g3 c1=Q 54. Rxc1 Kd7 55. a6 Bb8 56. Rb1 Kc8 57. Rb7 g5 58. Kg2 Bd6 59. h4 gxh4 60. gxh4 Bf4 61. h5 Bh6 62. Kh3 Bd2 63. Kg4 Bc1 64. Rg7 Bd2 65.
Kf5 Kb8 66. Kg6 Bc3 67. h6 Bxg7 68. hxg7 Ka7 69. g8=Q Kxa6 70. Qb3 Ka5 1/2-1/2

[Event "Early-Titled-Tuesday-Blitz-May-07-2024"]
[Site "Chess.com"]
[Date "2024.05.07"]
[Round "7"]
[White "Rodalquilar"]
[Black "yaguigor"]
[Result "1/2-1/2"]
[WhiteElo "2735"]
[BlackElo "2584"]
[TimeControl "180+1"]
[EndTime "9:23:23 PDT"]
[Termination "Game drawn by repetition"]

1. d4 d5 2. Nf3 Nf6 3. Bf4 c5 4. e3 Nc6 5. c3 Bf5 6. dxc5 Nh5 7.
Nd4 Bxb1 8. Qxh5 Bg6 9. Qf3 e6 10. Bb5 a6 11. Bxc6+ bxc6 12. Nxc6 Qc8 13. Ne5 Bxc5 14.
Nxg6 hxg6 15. O-O O-O 16. Rfd1 Rd8 17. Rac1 Qb7 18. b3 Ba3 19. Rc2 Qb6 20. h4 Rac8 21. h5 gxh5 22. Qxh5 a5 23. Qg4 Bd6 24. Bh6 Be5 25.
Bg5 Rd6 26. c4 Rdc6 27. Rcd2 f6 28. cxd5 Rc1 29. Bf4 Rxd1+ 30. Rxd1 Bxf4 31. exf4 Rd8 32. dxe6 Rxd1+ 33. Qxd1 Qxe6 34. Qd2 Qb6 35. Kf1 a4 36. bxa4 Qa6+ 37. Ke1 Qxa4 38. g3 Kh7 39. Ke2 g6 40. Ke3 Qa3+ 41. Ke2 Qa6+ 42. Kd1 Qc4 43. Qc2 Qf1+ 44.
Kd2 Qxf2+ 45. Kc1 Qxg3 46. Qd2 Qg1+ 47. Kb2 Qb6+ 48. Kc2 Qc6+ 49. Kb3 Qe6+ 50. Kb4 Qb6+ 51. Kc4 Qc6+ 52. Kb4 Qb6+ 53. Ka4 Qc6+ 54. Kb3 Qb6+ 55.
Kc2 Qc5+ 56. Kd1 Qb5 57. Qc2 Qf1+ 58. Kd2 Qxf4+ 59. Ke1 Qg3+ 60. Kf1 Qf3+ 61. Kg1 Qe3+ 62. Kf1 Qf3+ 63. Kg1 Qe3+ 64. Kf1 Qf3+ 1/2-1/2

[Event "Early-Titled-Tuesday-Blitz-May-07-2024"]
[Site "Chess.com"]
[Date "2024.05.07"]
[Round "7"]
[White "TigrVShlyape"]
[Black "ravengelic"]
[Result "1/2-1/2"]
[WhiteElo "2937"]
[BlackElo "2666"]
[TimeControl "180+1"]
[EndTime "9:23:24 PDT"]
[Termination "Game drawn - insufficient material"]

1. e4 c5 2. Nf3 g6 3. c4 Bg7 4. d4 cxd4 5. Nxd4 Nc6 6. Be3 d6 7.
Nc3 Nf6 8. Be2 O-O 9. O-O Bd7 10. Qd2 Nxd4 11. Bxd4 Bc6 12. Bd3 a5 13. b3 Nd7 14.
Bxg7 Kxg7 15. Rab1 Nc5 16. f4 f6 17. Kh1 Qb6 18. Nd5 Bxd5 19. exd5 Rae8 20. Bc2 e5 21. dxe6 Rxe6 22. f5 Re5 23. Rbd1 Rfe8 24. fxg6 hxg6 25. Qxd6 Qxd6 26. Rxd6 Re2 27. Bb1 Re1 28. Kg1 f5 29. Rd1 R1e2 30. Rf2 Re1+ 31. Rxe1 Rxe1+ 32. Rf1 Re2 33. Rc1 Rb2 34. Rf1 Kh6 35. h3 Kg5 36. Re1 Kf4 37. Kh2 Kg5 38. Kg3 Na6 39. h4+ Kf6 40. Kf3 Nc5 41. g4 Ne6 42. gxf5 gxf5 43. Ke3 Rh2 44.
Rf1 Rh3+ 45. Rf3 f4+ 46. Ke4 Rxh4 47. Kd5 Ng5 48. Rf1 f3 49. Kc5 Ke5 50. Kb6 Kd4 51.
Kxb7 Kc5 52. Ka6 Kb4 53. Bc2 Rh2 54. Bd1 f2 55. c5 Kxc5 56. Kxa5 Ne4 57. b4+ Kd4 58. Be2 Ng3 59. Rd1+ Ke3 60. Bc4 Rh4 61. Ba6 Ne2 62. Bxe2 Kxe2 63. Rb1 Rd4 64. b5 Rd1 65. Rb2+ Rd2 66. Rb1 Rxa2+ 67. Kb4 f1=Q 68. Rxf1 Kxf1 69. b6 Ke2 70. Kc5 Kd3 71. b7 Rb2 72. Kc6 Kc4 73. Kc7 Rxb7+ 74. Kxb7 1/2-1/2

[Event "Early-Titled-Tuesday-Blitz-May-07-2024"]
[Site "Chess.com"]
[Date "2024.05.07"]
[Round "7"]
[White "AlexanderKing"]
[Black "AccioChess"]
[Result "1/2-1/2"]
[WhiteElo "2577"]
[BlackElo "2453"]
[TimeControl "180+1"]
[EndTime "9:23:24 PDT"]
[Termination "Game drawn by stalemate"]

1. g3 c5 2. Bg2 d5 3. Nf3 Nc6 4. d4 cxd4 5. Nxd4 e5 6. Nxc6 bxc6 7. c4 Be6 8. Nc3 Bb4 9. O-O Bxc3 10. bxc3 Ne7 11. cxd5 cxd5 12. Ba3 f6 13. c4 e4 14. Qa4+ Bd7 15. Qb4 f5 16. cxd5 Nxd5 17. Qd6 Nf6 18. Rad1 Kf7 19. Bb2 Be6 20. Qa3 Qe7 21. Qa5 Rhd8 22. f3 exf3 23. Bxf3 Rab8 24. Bxf6 Kxf6 25. e4 Rxd1 26. Bxd1 g6 27. exf5 gxf5 28. Bc2 Qd7 29. Qc3+ Kg6 30. g4 Rf8 31. gxf5+ Bxf5 32. Rxf5 Rxf5 33.
Qg3+ Kf6 34. Bxf5 Qxf5 35. Qd6+ Kg7 36. Qe7+ Qf7 37. Qe5+ Qf6 38. Qc7+ Qf7 39. Qxf7+ Kxf7 40. Kf2 Ke6 41. Kg3 a5 42. Kg4 a4 43. Kh5 Kf7 44.
Kh6 Kg8 45. Kg5 Kg7 46. Kf5 a3 47. Ke5 h5 48. Kd4 Kf6 49. Kc3 Ke5 50. Kb3 Kf4 51.
Kxa3 Kg4 52. Kb4 Kh3 53. a4 Kxh2 54. a5 h4 55. a6 h3 56. a7 Kg1 57. a8=Q h2 58. Qg8+ Kf2 59. Qd5 Kg1 60. Qg5+ Kf2 61. Qf4+ Kg1 62. Qg4+ Kf2 63. Qf4+ Kg1 64. Qg3+ Kh1 65.
Qe5 Kg2 66. Qe2+ Kg1 67. Qe3+ Kg2 68. Qe4+ Kg1 69. Qd4+ Kg2 70. Qg7+ Kf1 71. Qa1+ Kg2 72. Qb2+ Kg1 73. Qc1+ Kg2 74. Qd2+ Kg1 75. Qe1+ Kg2 76. Qe2+ Kg1 77. Qe3+ Kg2 78. Qe4+ Kg1 79. Qg4+ Kf1 80. Qh3+ Kg1 81. Qg3+ Kh1 82. Qg5 1/2-1/2

[Event "Early-Titled-Tuesday-Blitz-May-07-2024"]
[Site "Chess.com"]
[Date "2024.05.07"]
[Round "7"]
[White "MFatigue"]
[Black "Yaacovn"]
[Result "1/2-1/2"]
[WhiteElo "2522"]
[BlackElo "2849"]
[TimeControl "180+1"]
[EndTime "9:23:27 PDT"]
[Termination "Game drawn by repetition"]

1. e4 c6 2. Bc4 d5 3. Bb3 dxe4 4.
Qh5 g6 5. Qh4 Bg7 6. Nc3 Nf6 7.
Nxe4 Nxe4 8. Qxe4 Nd7 9. d4 e5 10. dxe5 Nc5 11. Qe2 Nxb3 12. axb3 O-O 13. Nf3 Bg4 14.
Bf4 Re8 15. O-O Qd7 16. Rfe1 Qf5 17. Bg3 a6 18. Ra4 Bxf3 19. gxf3 Rad8 20. Re4 Rd5 21. Kg2 Qe6 22. Rd1 Red8 23. Rxd5 Rxd5 24. h4 h5 25. Qe3 Kh7 26. Qe2 Bh6 27. Qc4 Rd2 28. Qxe6 fxe6 29. Rc4 Kg7 30. Kf1 Rd1+ 31. Ke2 Rd5 32.
f4 Kf7 33. f3 Ke8 34. Bf2 Kd7 35. Be3 Bf8 36. Rc3 Be7 37. Bf2 Bf8 38. Rd3 Ke8 39.
Rxd5 cxd5 40. Kd3 Be7 41. c4 dxc4+ 42. bxc4 Kd7 43. Kc3 Kc6 44. b3 b5 45. Kd3 a5 46.
cxb5+ Kxb5 47. Kc3 Bb4+ 48. Kc2 Kc6 49. Kd3 Kd5 50.
Bg3 Kc6 51. Bf2 Kb5 52. Bg3 Bc5 53. Be1 Bg1 54. Ke4 Bh2 55. Ke3 Bg1+ 56. Ke4 a4 57.
bxa4+ Kxa4 58. f5 gxf5+ 59. Kf4 Bd4 60. Bg3 Kb5 61. Kg5 Kc4 62. Kxh5 Kd3 63. Kg6 Ke2 64. f4 Kf3 65. Bh2 Kg2 66. h5 Kxh2 67. h6 Kg3 68. h7 Kxf4 69. h8=Q Bxe5 70. Qh4+ Ke3 71. Qe1+ Kd4 72. Qd2+ Ke4 73. Qe2+ Kd5 74. Kf7 f4 75. Qd3+ Bd4 76. Qf3+ Ke5 77. Qe2+ Be3 78. Qf3 Bd4 79. Kg6 Be3 80. Kf7 Bd4 1/2-1/2

[Event "Early-Titled-Tuesday-Blitz-May-07-2024"]
[Site "Chess.com"]
[Date "2024.05.07"]
[Round "7"]
[White "ErikRonka"]
[Black "stolencandy13"]
[Result "1/2-1/2"]
[WhiteElo "2521"]
[BlackElo "2672"]
[TimeControl "180+1"]
[EndTime "9:23:29 PDT"]
[Termination "Game drawn - insufficient material"]

1. e4 c6 2. d4 d5 3. Nd2 dxe4 4. Nxe4 Bf5 5. Ng3 Bg6 6. h4 h6 7.
Nf3 Nd7 8. h5 Bh7 9. Bd3 Bxd3 10. Qxd3 e6 11. Bd2 Ngf6 12. O-O-O Be7 13. Kb1 a5 14. Ne4 a4 15. Nxf6+ Bxf6 16. g4 a3 17. b3 c5 18. d5 O-O 19. dxe6 fxe6 20. g5 hxg5 21.
h6 Ne5 22. Nxe5 Bxe5 23. hxg7 Bxg7 24. Qh7+ Kf7 25. Bc3 Rg8 26. Rxd8 Raxd8 27. Bxg7 Rxg7 28. Qe4 Rd5 29. Qa4 Rf5 30. Qxa3 g4 31. Qa7 Kf6 32. Rh2 b5 33. Qb6 b4 34. Qd8+ Kg6 35. Qd3 Kf6 36. Rg2 Rd5 37. Qe2 Rdg5 38. f4 gxf3 39. Qxf3+ Rf5 40.
Qe2 Rd7 41. Rf2 Rd5 42. Rxf5+ exf5 43. Kb2 f4 44. Qf3 Ke5 45. c3 Rd2+ 46. Kc1 Rxa2 47.
cxb4 cxb4 48. Kb1 Rd2 49. Kc1 Rd4 50. Qe2+ Kf5 51. Qb5+ Ke4 52. Qc5 Rd3 53. Qe7+ Kf3 54. Kc2 Rc3+ 55. Kb2 Re3 56. Qb7+ Kf2 57. Qxb4 f3 58. Qh4+ Ke2 59. Qc4+ Kf2 60. b4 Kg2 61. Qd5 Kf1 62. Qd1+ Kg2 63. Qd5 Kf1 64. b5 f2 65. b6 Ke1 66. Qa5+ Ke2 67. Qb5+ Ke1 68. b7 Re2+ 69. Kc1 f1=Q 70. b8=Q Qf4+ 71. Kb1 Qe4+ 72.
Ka1 Qd4+ 73. Qb2 Rxb2 74. Qxb2 Qd1+ 75. Qb1 Kd2 76. Qxd1+ Kxd1 1/2-1/2

[Event "Early-Titled-Tuesday-Blitz-May-07-2024"]
[Site "Chess.com"]
[Date "2024.05.07"]
[Round "7"]
[White "Goryachkina"]
[Black "Shield12"]
[Result "1-0"]
[WhiteElo "2709"]
[BlackElo "2979"]
[TimeControl "180+1"]
[EndTime "9:23:30 PDT"]
[Termination "Goryachkina won by resignation"]

1. e4 c5 2. Nf3 e6 3. g3 Nc6 4. Bg2 Nf6 5. Nc3 d6 6. O-O Be7 7. d4 cxd4 8. Nxd4 Bd7 9. a4 O-O 10. Re1 Ne5 11. h3 a6 12. a5 Rc8 13. Nb3 Bc6 14. Na4 Ned7 15. Bd2 Qc7 16. Nd4 Bxa4 17. Rxa4 b5 18. axb6 Qxb6 19. Nb3 Ne5 20. Bc3 Nfd7 21. Qe2 Nb8 22. Rea1 Bf6 23. Bd4 Qc7 24. c3 Ned7 25. Bxf6 Nxf6 26. Nd4 Rfd8 27. Nc2 Nfd7 28. Nb4 Nc5 29.
R4a3 Qb6 30. Kh2 h6 31. R1a2 Rd7 32. f4 Rdd8 33. g4 Qc7 34. Qf3 Qb7 35. Kh1 Qb6 36. h4 Rd7 37. g5 hxg5 38. hxg5 g6 39. Qh3 Qd8 40. Kg1 e5 41. Nd5 Kg7 42. Qh6+ Kg8 43.
Nf6+ Qxf6 44. gxf6 Ne6 45. Bh3 exf4 46. Bxe6 fxe6 47. Qxg6+ Kh8 48. Kf2 Rg8 49. Qh6+ Rh7 50. Qxf4 e5 51. Qf3 Rh2+ 52. Kf1 Nd7 53. c4 Rf8 54. Qh3+ Rxh3 55. Rxh3+ Kg8 56. Rg3+ Kh8 57. Rf3 Nxf6 58. Rxa6 Kg7 59. Rxd6 Nxe4 60. Rd7+ Kg8 61.
Rxf8+ Kxf8 62. b4 Ke8 63. Rd5 Nf6 64. Rxe5+ Kd7 65. Ke2 Kd6 66. Rf5 Nd7 67. Kd3 Ne5+ 68. Rxe5 Kxe5 69. Kc3 1-0

[Event "Early-Titled-Tuesday-Blitz-May-07-2024"]
[Site "Chess.com"]
[Date "2024.05.07"]
[Round "7"]
[White "ScofieldMichael01"]
[Black "Heinza9"]
[Result "1/2-1/2"]
[WhiteElo "2543"]
[BlackElo "2344"]
[TimeControl "180+1"]
[EndTime "9:23:31 PDT"]
[Termination "Game drawn - timeout vs insufficient material"]

1. e4 e5 2. Nc3 Nf6 3. f4 d5 4. fxe5 Nxe4 5. Qf3 Nc6 6. Bb5 Nxc3 7. dxc3 Be7 8. Bf4 O-O 9. O-O-O f6 10. exf6 Rxf6 11. Ne2 Be6 12. Qe3 Bg4 13. g3 Re6 14. Qd2 a6 15.
Bd3 Bf6 16. Rde1 g5 17. Nd4 Rxe1+ 18. Rxe1 gxf4 19. Kb1 Nxd4 20. Qxf4 Bh5 21. cxd4 Qd6 22. Qh6 Bg6 23. Bxg6 hxg6 24. Qxg6+ Bg7 25. Qxd6 cxd6 26. Re6 Bxd4 27. Rxd6 Re8 28. c3 Bg1 29. Rxd5 Bxh2 30. Rh5 Bg1 31. Kc2 Kg7 32. Rd5 Re7 33. Kb3 Kf6 34.
a4 Bf2 35. g4 Rg7 36. Rf5+ Ke6 37. Rxf2 Rxg4 38. Rh2 Rg7 39. Rh6+ Kd7 40. a5 Kc7 41. Kb4 Rg4+ 42. c4 Rg2 43. b3 Rg5 44. Rh7+ Kc8 45.
Kc3 Rxa5 46. Rh8+ Kc7 47. Rh7+ Kc8 48. Kd4 Rg5 49. c5 Kb8 50. Re7 Kc8 51. b4 Kb8 52.
Rf7 Kc8 53. Re7 Kb8 54. Re8+ Kc7 55. Re6 Kc8 56. Re5 Rg4+ 57. Kd5 Rxb4 58. Rh5 Rb1 59. Rh8+ Kc7 60. Rh7+ Kc8 61. Ke6 Kb8 62. Kd6 Rd1+ 63.
Ke6 Ka7 64. Rh8 a5 65. c6 bxc6 66. Rh7+ Kb6 67. Rh8 Kb5 68. Ra8 Kc5 69. Rxa5+ Kb6 70. Ra8 Kb5 71. Rb8+ Kc5 72. Ke5 Re1+ 73. Kf4 Re7 74.
Kf3 Kd4 75. Rb1 c5 76. Rd1+ Kc3 77. Rc1+ Kd4 78. Rd1+ Kc4 79. Rc1+ Kd5 80. Rd1+ Kc6 81. Kf2 c4 82. Re1 Rxe1 83. Kxe1 Kc5 84. Kd2 1/2-1/2

[Event "Early-Titled-Tuesday-Blitz-May-07-2024"]
[Site "Chess.com"]
[Date "2024.05.07"]
[Round "7"]
[White "Aisen1011"]
[Black "klercaku"]
[Result "1-0"]
[WhiteElo "2471"]
[BlackElo "2259"]
[TimeControl "180+1"]
[EndTime "9:23:36 PDT"]
[Termination "Aisen1011 won by checkmate"]

1. d4 d5 2. c4 e6 3. Nc3 Nf6 4.
cxd5 exd5 5. Bg5 Nbd7 6. e3 c6 7. Bd3 Be7 8. Qc2 O-O 9. Nge2 Re8 10. O-O Nf8 11. f3 h6 12. Bh4 Ne6 13. Rad1 a6 14. h3 b5 15. a3 a5 16. Bf2 Bd6 17. e4 dxe4 18. fxe4 Bc7 19. e5 Nd5 20. Nxd5 cxd5 21. Bxb5 Bd7 22. Bd3 Qe7 23. Be3 Rec8 24. Bh7+ Kh8 25. Bd3 Bxe5 26. Qd2 Bf6 27. Bxh6 Nxd4 28. Nc3 Nb3 29. Qf4 Bd4+ 30. Kh1 Be6 31. Bc2 Bxc3 32. Bxb3 Bf6 33. Rfe1 Qd7 34. Bg5 Bxg5 35. Qxg5 Rab8 36. Qh4+ Kg8 37. Qg3 a4 38. Ba2 Rxb2 39. Bb1 Rcb8 40. Qd3 Qb7 41. Qh7+ Kf8 42. Qh8+ Ke7 43. Qxg7 Rxb1 44. Rxb1 Qxb1 45. Rxb1 Rxb1+ 46. Kh2 Rb3 47. Qg5+ Kd7 48. Qc1 d4 49. Qc5 d3 50. Qd4+ Ke7 51. Qa7+ Kf6 52. Qd4+ Ke7 53. Qa7+ Kf6 54. Qxa4 Kg6 55.
Qe4+ Bf5 56. Qc6+ Be6 57. Qe4+ Kf6 58. Qd4+ Ke7 59. Qa7+ Kf6 60. Qd4+ Kg6 61. g4 Kh6 62. Qf4+ Kg6 63. h4 Kg7 64. h5 Rb2+ 65. Kg3 Rb3 66. Qd4+ Kh7 67. Kf4 Rxa3 68. Kg5 Ra5+ 69. Kh4 Ra3 70.
h6 Rb3 71. Qg7# 1-0

[Event "Early-Titled-Tuesday-Blitz-May-07-2024"]
[Site "Chess.com"]
[Date "2024.05.07"]
[Round "7"]
[White "Grandelicious"]
[Black "Rud_Makarian"]
[Result "1/2-1/2"]
[WhiteElo "2905"]
[BlackElo "3051"]
[TimeControl "180+1"]
[EndTime "9:23:38 PDT"]
[Termination "Game drawn - insufficient material"]

1. c4 e6 2. Nc3 d5 3. e3 Nf6 4. Nf3 dxc4 5. Bxc4 a6 6. O-O b5 7. Bb3 Bb7 8. a4 b4 9. Ne2 Nbd7 10. Ng3 c5 11. d3 Bd6 12. e4 O-O 13. Be3 Rc8 14. h3 Ne5 15. Ne1 c4 16. dxc4 Nxc4 17. Bxc4 Rxc4 18. Qb3 Qc8 19. Ne2 Nxe4 20. Rd1 Be5 21. Nd3 Bf6 22. Nxb4 a5 23. Na2 Ba6 24. Rfe1 Qc6 25.
Nac3 Bxc3 26. Nxc3 Nxc3 27. bxc3 Rxc3 28. Qb6 Bb7 29.
Qxc6 Bxc6 30. Bb6 Rc4 31. Bxa5 Rxa4 32. Ra1 Rxa1 33. Rxa1 h6 34. Rb1 Ra8 35. Bc7 Ra2 36.
h4 h5 37. Bf4 Kh7 38. Rc1 Bd5 39. Bg3 Kg6 40. Rc3 f6 41. Kh2 e5 42. Rc5 Be6 43. Rb5 Ra4 44. Rc5 Kf5 45. Rb5 Rd4 46. Rb7 Kg6 47. Rb6 Bd7 48. Bxe5 Rxh4+ 49. Kg1 Re4 50. Bc3 Rc4 51. Be1 Bc6 52. Rb1 Kf5 53. Bd2 g5 54. Rc1 Rd4 55. Bxg5 Bxg2 56. Bxf6 Rg4 57. Bd8 Bf3+ 58.
Kh2 Rg2+ 59. Kh3 Rg8 60. Rc5+ Ke4 61. Bh4 Rg1 62. Bg3 Rh1+ 63. Bh2 Rf1 64. Kg3 h4+ 65. Kxh4 Rxf2 66. Bg3 Rf1 67. Rc4+ Kd3 68. Ra4 Be4 69. Ra3+ Ke2 70. Kg5 Rf5+ 71. Kg4 Rd5 72. Ra2+ Rd2 73. Rxd2+ Kxd2 1/2-1/2

[Event "Early-Titled-Tuesday-Blitz-May-07-2024"]
[Site "Chess.com"]
[Date "2024.05.07"]
[Round "7"]
[White "mbojan"]
[Black "andrew-blr"]
[Result "1-0"]
[WhiteElo "2899"]
[BlackElo "2604"]
[TimeControl "180+1"]
[EndTime "9:23:38 PDT"]
[Termination "mbojan won on time"]

1. a3 e5 2. e3 d5 3. d4 exd4 4. exd4 Bd6 5. Bd3 Ne7 6. Ne2 Bf5 7. Nbc3 c6 8. O-O O-O 9. Bf4 Bxf4 10. Nxf4 Nd7 11.
Re1 Nf6 12. Rxe7 Bxd3 13. Rxb7 Ba6 14. Rb4 Re8 15. Na4 Bc4 16. Nc5 a5 17. Rb7 Ne4 18.
Nfd3 Qf6 19. c3 Nxc5 20. Nxc5 Re2 21. Qf1 Rxb2 22. Rxb2 Bxf1 23. Rxf1 h5 24. h3 Qf4 25. Re1 Rb8 26. Rbe2 Qf5 27. a4 Rb1 28. Rxb1 Qxb1+ 29. Kh2 Qc1 30. Re3 g5 31. Nb7 Qc2 32. Rf3 g4 33. hxg4 hxg4 34. Rg3 Qxf2 35. Rxg4+ Kf8 36.
Nxa5 Qe2 37. Rg3 Qa6 38. Nb3 Qxa4 39. Nc5 Qd1 40. Nd7+ Ke7 41. Ne5 c5 42. Nf3 Qc1 43.
Ne5 Qh6+ 44. Kg1 Qd2 45. Kh2 cxd4 46. cxd4 f6 47. Nf3 Qf4 48. Kh3 Ke6 49. Rg4 Qe3 50. Kg3 Qc1 51. Rg8 Qc7+ 52. Kf2 Qc2+ 53. Kg3 Qc7+ 54. Kf2 Kf5 55. Rh8 Ke4 56. Rh4+ Kd3 57. Rh5 Kc4 58. Rh4 Kd3 59. Kg1 Ke3 60. Rh5 Qc1+ 61.
Kh2 Kf2 62. Rf5 Qh6+ 63. Nh4+ Ke3 64. Kh3 Kxd4 65. Rf3 Kc4 66. Kg3 Qg5+ 67. Kh3 d4 68. Nf5 d3 69. Nd6+ Kc3 70. Ne4+ Kc2 71. Nxg5 fxg5 72. Rxd3 Kxd3 73. Kg4 1-0

[Event "Early-Titled-Tuesday-Blitz-May-07-2024"]
[Site "Chess.com"]
[Date "2024.05.07"]
[Round "7"]
[White "howitzer14"]
[Black "HouseOfDurin"]
[Result "1-0"]
[WhiteElo "3014"]
[BlackElo "2233"]
[TimeControl "180+1"]
[EndTime "9:23:45 PDT"]
[Termination "howitzer14 won on time"]

1. c4 c5 2. Nc3 Nc6 3. g3 g6 4. Bg2 Bg7 5. d3 e5 6. Nf3 Nge7 7. Bg5 O-O 8. O-O h6 9. Bxe7 Nxe7 10. Ne1 Rb8 11. Nc2 a6 12. a4 d6 13. Rb1 a5 14.
Ne3 b6 15. Qd2 Bb7 16. Bxb7 Rxb7 17. Ned5 Nxd5 18. cxd5 f5 19. e4 f4 20. f3 fxg3 21. hxg3 Rbf7 22. Kg2 g5 23. g4 Qf6 24. Ne2 Rb7 25.
Ng3 Ra8 26. Nf5 Bf8 27. Ra1 Kf7 28. Ra3 Kg6 29. Rh1 Rh7 30. Rh5 Qf7 31. Rb3 Qc7 32. Qc2 Rb8 33. Qc4 Qd7 34. Rb5 Rb7 35. Kf1 Qc7 36. Kg1 Qd7 37. Kh1 Qc7 38. Kh2 Qd7 39. Kg2 Qc7 40. Kf2 Qd7 41. Ke2 Qc7 42. Kd2 Qd7 43. Kc2 Qc7 44. Kb1 Qd7 45. Ka1 Qc7 46.
Ka2 Qd7 47. Ka3 Qc7 48. Kb3 Qd7 49. Kc3 Qc7 50. Qb3 Qb8 51. Kd2 Qc7 52. Ke3 Qb8 53. Kf2 Qc7 54. Kg3 Qb8 55. Kh3 Qc7 56. Kg2 Qb8 57.
Ne3 Be7 58. Nc4 Bd8 59. Qd1 Ra7 60. Qe2 Bc7 61. Na3 Qe8 62. Qe3 Qd7 63. Qc1 Rf7 64. Nc4 Rf4 65. Ne3 Rf7 66. Nf5 Rh7 67. Qh1 Bd8 68. Rxh6+ Rxh6 69. Qxh6+ Kf7 70. Nxd6+ Kg8 71. Qg6+ Qg7 72. Qe8+ Qf8 73. Qxe5 Be7 74. Qe6+ Kh7 75. Nf5 Bf6 76. Rxb6 Rf7 77. e5 Bg7 78. Qg6+ Kh8 79.
Qh5+ Kg8 80. Qxg5 Kh8 81. e6 Rxf5 82. gxf5 1-0